 Dungeon Crawl Stone Soup version 0.23-a0-808-gd21de94 (webtiles) character file.

39 Hydrazoo the Insei (level 3, 0/23 HPs)
             Began as an Octopode Transmuter on Jan 20, 2019.
             Slain by a hound (5 damage)
             ... on level 4 of the Dungeon.
             The game lasted 00:02:24 (1898 turns).

Hydrazoo the Insei (Octopode Transmuter)            Turns: 1898, Time: 00:02:25

Health: 0/23       AC:  2    Str:  9    XL:     3   Next: 45%
Magic:  0/6        EV: 20    Int: 15    God:
Gold:   30         SH:  0    Dex: 18    Spells: 2/6 levels left

rFire    . . .     SeeInvis .     - Unarmed
rCold    . . .     Gourm    .   (shield currently unavailable)
rNeg     . . .     Faith    .   (helmet currently unavailable)
rPois    x         Spirit   .   (no amulet)
rElec    .         Reflect  .   (no ring)
rCorr    .         Harm     .   (no ring)
MR       .....                  (no ring)
Stlth    ++........             (no ring)
HPRegen  0.07/turn              (no ring)
MPRegen  0.10/turn              (no ring)
                                (no ring)
                                (no ring)

@: spider-form, flying (expiring), very slightly contaminated
A: tiny, almost no armour, stealthy swim, (amphibious), 8 rings, (constrict 8)
a: End Transformation


You were on level 4 of the Dungeon.
You were not hungry.
You were a venomous arachnid creature.
You visited 1 branch of the dungeon, and saw 3 of its levels.

You collected 30 gold pieces.

Inventory:

Missiles
 a - 33 arrows
Scrolls
 d - 2 scrolls of remove curse {unknown}
 e - 3 scrolls of fear {unknown}
 f - a scroll of identify {unknown}
 h - a scroll of random uselessness {unknown}
 k - a scroll of fog {unknown}
Potions
 b - a potion of degeneration {unknown}
 g - a potion of curing
 j - a potion of flight
Comestibles
 c - 2 rations


   Skills:
 + Level 1.6 Fighting
 + Level 2.4 Dodging
 + Level 3.3 Unarmed Combat
 - Level 2.0 Spellcasting
 * Level 2.8 Transmutations


You had 2 spell levels left.
You knew the following spells:

 Your Spells              Type           Power        Failure   Level  Hunger
a - Beastly Appendage     Tmut           #.....       19%         1    #......
b - Spider Form           Tmut/Pois      #.........   58%         3    ###....

Your spell library contained the following spells:

 Spells                   Type           Power        Failure   Level  Hunger
 Sticks to Snakes         Tmut           #.......     26%         2    ###....
 Ice Form                 Ice/Tmut       #.......     90%         4    #####..
 Blade Hands              Tmut           #.........   97%         5    ######.


Dungeon Overview and Level Annotations

Branches:
Dungeon (2/15)

Altars:

Annotations:
D:2 Sigmund


Innate Abilities, Weirdness & Mutations

You cannot wear most types of armour.
You are very stealthy in the water. (Stealth+)
((You are amphibious.))
You can wear up to eight rings at the same time.
((You can use your tentacles to constrict eight enemies at once.))
((Your skin changes colour to match your surroundings (Stealth+).))
((Your rubbery body absorbs attacks. (AC +1, EV +1)))


Message History

A hound comes into view.
A hound is nearby!
A hound is nearby!
A hound is nearby!
Casting: Spider Form (slightly dangerous; 36% risk of failure)
Confirm with . or Enter, or press ? or * to list all spells.
One of your tentacles grows a vicious spike.
Casting: Beastly Appendage (safe; 7% risk of failure)
Confirm with . or Enter, or press ? or * to list all spells.
Your tentacle spike disappears.
You turn into a venomous arachnid creature.
You are starting to lose your buoyancy.
The hound bites you.
* * * LOW HITPOINT WARNING * * *
You hit the hound but do no damage.
The hound is poisoned.
The hound misses you. x2
You hit the hound.
The hound is moderately wounded.
The hound bites you.
You die...

##....#
#....h....#
#.....#
#.........##
#.....#
##...........
##.....#
#............
#......#
#...)).......
#......#
#....[....#
#......#
#....)..###
#......# #..h...##
#......# ##.s...##
#......# ##......#
##....####.......#
#....###.......##
#...##..##.....#
##.....###.....#
####.## #.......
#.# ......... #.#
........#


You could see a hound.

Vanquished Creatures
  An ooze (D:1)
  An adder skeleton (D:4)
  A dart slug (D:1)
  4 orcs (D:4)
  A giant cockroach (D:2)
  A goblin (D:2)
  3 hobgoblins
  2 kobolds (D:1)
  2 ball pythons
  5 bats
  2 frilled lizards
  2 rats (D:1)
25 creatures vanquished.

Notes
Turn   | Place    | Note
-------+----------+-------------------------------------------
     0 | D:1      | Hydrazoo the Octopode Transmuter began the quest for the
                  | Orb.
     0 | D:1      | Reached XP level 1. HP: 13/13 MP: 3/3
   366 | D:1      | Reached XP level 2. HP: 18/18 MP: 5/5
  1577 | D:2      | Noticed Sigmund
  1645 | D:2      | Reached XP level 3. HP: 15/23 MP: 6/6
  1782 | D:2      | Learned a level 3 spell: Spider Form
  1830 | D:2      | You fall through a shaft for 2 floors!
  1870 | D:4      | HP: 1/23 [poisoned by an orc]
  1898 | D:4      | Slain by a hound

Vault maps used:
D:1:      sevenhm_arrival_forest_fort_large_1
D:2:      lemuel_round_altar, uniq_sigmund
D:4:      first_ration

Action                   || total
-------------------------++-------
Melee: Unarmed           ||    62
       Constrict         ||    16
       Tentacles         ||     8
       Punch             ||     2
       Kick              ||     2
 Cast: Spider Form       ||     2
       Beastly Appendage ||     2
  Use: Potion            ||     2
 Stab: Sleeping          ||     7
  Eat: Chunk             ||     3
Armor: Skin              ||     8
Dodge: Dodged            ||    50

Table legend:
 A = Non-vault XP
 B = Vault XP
 C = Vault XP percentage of total XP
 D = Non-vault monster count
 E = Vault monster count
 F = Vault count percentage of total count
                 A         B        C        D         E       F
            +---------+---------+-------+---------+---------+-------
      Total |      52 |       4 |   7.1 |      21 |       4 |  16.0
            +---------+---------+-------+---------+---------+-------
        D:1 |      26 |       4 |  13.3 |      10 |       4 |  28.6
        D:2 |       9 |       0 |   0.0 |       6 |       0 |   0.0
        D:4 |      17 |       0 |   0.0 |       5 |       0 |   0.0
            +---------+---------+-------+---------+---------+-------
